 Dungeon Sprint DCSS version 0.29-a0-723-gce39da1c22 (webtiles) character file.

Game seed: 17004008087194242103

1201 Hipnos the Gelid (level 8, -11/43 HPs)
             Began as a Deep Elf Ice Elementalist on June 28, 2022.
             Mangled by a skeletal warrior
             ... wielding a +0 flail
              (21 damage)
             ... in the Dungeon (Sprint II: "The Violet Keep of Menkaure").
             The game lasted 00:05:49 (808 turns).

Hipnos the Gelid (Deep Elf Ice Elementalist)         Turns: 808, Time: 00:05:52

Health: -11/43     AC: 12    Str:  5    XL:     8   Next: 21%
Magic:  12/27      EV: 14    Int: 23    God:
Gold:   486        SH:  0    Dex: 15    Spells: 22/33 levels left

rFire   . . .      SeeInvis .     - Unarmed
rCold   . . .      Faith    .   (no shield)
rNeg    . . .      Spirit   .   a - +0 robe
rPois   .          Reflect  .   (no helmet)
rElec   .          Harm     .   (no cloak)
rCorr   .          Rampage  .   (no gloves)
Will    .....      NoTele   +   (no boots)
Stlth   +++.......              (no amulet)
HPRegen 0.14/turn               (no ring)
MPRegen 0.20/turn               (no ring)

@: ice-armoured, freezing walls
A: no striking features
a: no special abilities


You were in the Dungeon.
You visited 1 branch You collected 486 gold pieces.

Inventory:

Armour
 a - a +0 robe (worn)
Scrolls
 g - a scroll of blinking
Potions
 b - 2 potions of magic
 e - a potion of haste


   Skills:
 + Level 1.3 Fighting
 + Level 4.7 Dodging
 + Level 5.4 Stealth
 + Level 2.0 Unarmed Combat
 + Level 13.0 Spellcasting
 + Level 0.6 Conjurations
 + Level 15.6 Ice Magic


You had 22 spell levels left.
You knew the following spells:

 Your Spells              Type           Power      Damage    Failure   Level
a - Freeze                Ice            100%       1d11      0%          1
b - Frozen Ramparts       Ice            100%       1d12      1%          3
c - Ozocubu's Armour      Ice            72%        N/A       1%          3
d - Hailstorm             Conj/Ice       51%        3d11      1%          4

Your spell library contained the following spells:

 Spells                   Type           Power      Damage    Failure   Level


Dungeon Overview and Level Annotations

Branches:
Dungeon (1/1)

Altars:

Shops:
D :(=[*![(=![:!?[

Annotations:
D exclusions: ice statue, obsidian statue and oklob plant, Kirke


Message History

The skeletal warrior resists.
The wall freezes the skeletal warrior.
The skeletal warrior hits you with a +0 flail!!
The wall freezes the elephant!
Okay, then.
Casting: Frozen Ramparts (safe; 1% risk of failure)
Confirm with . or Enter, or press ? or * to list all spells.
Aiming: Freeze (safe; 0% risk of failure)
Press: ? - help, Shift-Dir - straight line, f - skeletal warrior
Aim: a skeletal warrior, wielding a +0 flail (lightly damaged)
You freeze the skeletal warrior.
The skeletal warrior resists.
The skeletal warrior is lightly damaged.
The skeletal warrior resists.
The wall freezes the skeletal warrior.
The skeletal warrior hits you with a +0 flail.
* * * LOW HITPOINT WARNING * * *
The wall freezes the elephant!
You kill the elephant!
Your Unarmed Combat skill increases to level 2!
Your Spellcasting skill increases to level 13!
Casting: Freeze (safe; 0% risk of failure)
Confirm with . or Enter, or press ? or * to list all spells.
Aiming: Freeze (safe; 0% risk of failure)
Press: ? - help, Shift-Dir - straight line, f/p - skeletal warrior
Aim: a skeletal warrior, wielding a +0 flail (moderately damaged)
Okay, then.
Casting: Freeze (safe; 0% risk of failure)
Confirm with . or Enter, or press ? or * to list all spells.
Aiming: Freeze (safe; 0% risk of failure)
Press: ? - help, Shift-Dir - straight line, f/p - skeletal warrior
Aim: a skeletal warrior, wielding a +0 flail (moderately damaged)
Okay, then.
Casting: Freeze (safe; 0% risk of failure)
Confirm with . or Enter, or press ? or * to list all spells.
Aiming: Freeze (safe; 0% risk of failure)
Press: ? - help, Shift-Dir - straight line, f/p - skeletal warrior
Aim: a skeletal warrior, wielding a +0 flail (moderately damaged)
You freeze the skeletal warrior.
The skeletal warrior resists.
The skeletal warrior is moderately damaged.
The skeletal warrior resists.
The wall freezes the skeletal warrior.
The skeletal warrior hits you with a +0 flail!!
You die...

##########≈≈#+++#+++##
#########≈≈≈.........#
.....∩..#≈≈≈≈.##+##..#
....∩.∩.#≈≈≈≈##†#.##.###
...∩.∩..#≈≈≈≈#.##..#....
..∩.∩...#≈≈# ###..####..
.⌠.∩....#≈##. #'###.##.
..∩.∩..$#≈#$B.##.###..#.
...∩.∩.@z†+ #+.<.'.##+.
....∩.∩.#[#.B.##.###..#.
▓▓▓▓▓▓###≈##. #+# #.##.
[GG######≈≈### .$3 ###§≈
$.G# ##≈≈≈#33##3#§§≈≈
∩P! #+#≈### ##≈≈≈≈ [h
#≈≈##+##≈≈§≈§
##≈≈≈≈≈≈≈≈≈≈≈
#+++#+++#§§≈


You could see a skeletal warrior, 3 shining eyes and an oklob plant.

Vanquished Creatures
  A centaur warrior (D)
  An elephant (D)
  A kobold demonologist (D)
  Menkaure (D)
  4 scorpions (D)
  3 worms (D)
11 creatures vanquished.

Vanquished Creatures (others)
  A water moccasin (D)
1 creature vanquished.

Grand Total: 12 creatures vanquished

Notes
Turn   | Place    | Note
-------+----------+-------------------------------------------
     0 | D        | Hipnos the Deep Elf Ice Elementalist began the quest for
                  | the Orb.
     0 | D        | Reached XP level 1. HP: 10/10 MP: 6/6
     1 | D        | Noticed a neqoxec
     1 | D        | Noticed a neqoxec
     1 | D        | Noticed a neqoxec
     1 | D        | Noticed a neqoxec
     5 | D        | Noticed a scorpion
     5 | D        | Noticed a scorpion
    10 | D        | Killed a scorpion
    11 | D        | Reached skill level 8 in Ice Magic
    11 | D        | Reached XP level 2. HP: 9/15 MP: 1/9
    11 | D        | Reached XP level 3. HP: 12/19 MP: 1/10
    15 | D        | Killed a scorpion
    16 | D        | Reached skill level 10 in Ice Magic
    16 | D        | Reached XP level 4. HP: 16/24 MP: 1/12
   225 | D        | Killed a water moccasin
   286 | D        | Learned a level 3 spell: Frozen Ramparts
   290 | D        | Learned a level 3 spell: Ozocubu's Armour
   295 | D        | Learned a level 4 spell: Hailstorm
   297 | D        | Noticed a scorpion
   297 | D        | Noticed a scorpion
   301 | D        | Killed a scorpion
   302 | D        | Reached skill level 5 in Spellcasting
   302 | D        | Reached skill level 11 in Ice Magic
   302 | D        | Reached XP level 5. HP: 24/28 MP: 1/15
   303 | D        | Reached skill level 12 in Ice Magic
   567 | D        | Noticed a boulder beetle
   567 | D        | Noticed a boulder beetle
   578 | D        | Noticed an ice statue
   609 | D        | Noticed Menkaure
   617 | D        | Killed Menkaure
   618 | D        | Reached skill level 1 in Unarmed Combat
   618 | D        | Reached skill level 13 in Ice Magic
   618 | D        | Reached XP level 6. HP: 18/33 MP: 6/19
   751 | D        | Noticed a skeletal warrior
   751 | D        | Noticed Kirke
   753 | D        | Noticed an elephant
   755 | D        | Noticed a kobold demonologist
   771 | D        | Noticed an obsidian statue
   775 | D        | Found Xudiruaxta's Antique Armour Emporium.
   777 | D        | Found Odduvolo's Distillery.
   778 | D        | Found Plog's Distillery.
   778 | D        | Found Idwotyng's Jewellery Emporium.
   778 | D        | Found Zoarph's Antique Weapon Shoppe.
   779 | D        | Found Vybop's Distillery.
   779 | D        | Found Huvacvas's General Store.
   780 | D        | Found Meuvaem's Jewellery Shoppe.
   780 | D        | Found Ajesach's Weapon Emporium.
   780 | D        | Found Fuliolaom's Book Shoppe.
   780 | D        | Found Moes's Antique Armour Emporium.
   781 | D        | Found Gashim's Magic Scroll Shoppe.
   781 | D        | Found Zitenaq's Antique Armour Emporium.
   781 | D        | Noticed a shining eye
   782 | D        | Found Enaced's Antique Armour Emporium.
   784 | D        | Noticed a centaur warrior
   784 | D        | Noticed a shining eye
   784 | D        | Noticed a shining eye
   784 | D        | Noticed an oklob plant
   785 | D        | Found Vokapt's Book Shoppe.
   795 | D        | Killed a kobold demonologist
   796 | D        | Reached XP level 7. HP: 29/37 MP: 4/22
   797 | D        | Killed a centaur warrior
   798 | D        | Reached skill level 1 in Fighting
   798 | D        | Reached skill level 5 in Stealth
   798 | D        | Reached skill level 15 in Ice Magic
   798 | D        | Reached XP level 8. HP: 34/43 MP: 2/26
   807 | D        | Killed an elephant
   808 | D        | Mangled by a skeletal warrior

Illustrated notes

Levels and vault maps discovered:
D:        the_violet_keep_of_menkaure [sprint2_stairs_cluster_1,
          sprint2_shoproom, sprint2_temple, sprint2_basic_supplies,
          sprint2_obstacle_3, sprint2_obstacle_7, sprint2_obstacle_2,
          sprint2_obstacle_1, sprint2_obstacle_4, sprint2_timed_cluster_1,
          sprint2_smallroom_cluster_1, sprint2_smallroom_final_cluster_1,
          sprint2_transparent_cluster_1, sprint2_second_timed_cluster_1,
          sprint2_sniper_area_1, sprint2_heavy_combat_area_1,
          sprint2_mutation_trap_area_1, sprint2_forest_area_1,
          sprint2_light_combat_area_1, sprint2_behind_water_1,
          sprint2_near_end_vault_1]

Skill      XL: |  1  2  3  4  5  6  7  8 |
---------------+-------------------------+-----
Dodging        | 3 4 |  4.7
Spellcasting   | 4 5 8 9 12 13 | 13.0
Ice Magic      | 8 10 11 13 15 | 15.6
Stealth        | 3 4 5 |  5.4
Unarmed Combat | 1 2 |  2.0
Fighting       | 1 |  1.3
Conjurations   | |  0.6

Action                   |  1- 3 |  4- 6 |  7- 9 || total
-------------------------+-------+-------+-------++-------
Melee: Unarmed           |     4 |       |       ||     4
 Cast: Freeze            |     5 |     9 |     4 ||    18
       Frozen Ramparts   |       |     5 |     1 ||     6
       Ozocubu's Armour  |       |     4 |     1 ||     5
       Hailstorm         |       |     4 |       ||     4
  Use: Potion            |     1 |     2 |     1 ||     4
Armor: Robe              |     1 |     4 |     1 ||     6
Dodge: Dodged            |     4 |     2 |     2 ||     8

Table legend: (Time is in decaauts)
 A = Elapsed time spent in this place.
 B = Non-inter-level travel time spent in this place.
 C = Inter-level travel time spent in this place.
 D = Time resting spent in this place.
 E = Time spent auto-exploring this place.
 F = Levels seen in this place.
 G = Mean time per level.
                   A        B        C        D        E       F      G
               +--------+--------+--------+--------+--------+-----+--------+
         Total |    824 |    824 |      0 |    660 |      0 |   1 |  824.0 |
       Dungeon |    824 |    824 |      0 |    660 |      0 |   1 |  824.0 |
               +--------+--------+--------+--------+--------+-----+--------+

Top non-repeatable levels by time:
       D: 824 daAuts
